 Dungeon Crawl Stone Soup version 0.27-a0-151-g9286b66fa0 (webtiles) character file.

Game seed: 11270376318167425957

68026 ReteAZ the Severer (level 15, -2/142 HPs)
             Began as an Ogre Artificer on Jan 27, 2021.
             Was a High Priest of Hepliaklqana.
             Shot with an arrow by a naga sharpshooter (6 damage)
             ... led by Vashnia
             ... on level 2 of the Snake Pit.
             The game lasted 00:57:16 (32609 turns).

ReteAZ the Severer (Ogre Artificer)                Turns: 32609, Time: 00:57:16

Health: -2/142     AC: 25    Str: 21    XL:     15   Next: 25%
Magic:  15/15      EV: 13    Int: 18    God:    Hepliaklqana [*****.]
Gold:   1474       SH:  0    Dex:  9    Spells: 14/14 levels left

rFire    . . .     SeeInvis .   B - +1 executioner's axe (vorpal)
rCold    + + .     Faith    .   (shield currently unavailable)
rNeg     . . .     Spirit   .   w - +1 ice dragon scales
rPois    +         Reflect  .   (helmet restricted)
rElec    +         Harm     .   W - +2 cloak {rPois}
rCorr    .         Rampage  .   (gloves unavailable)
Will     +....                  (boots unavailable)
Stlth    ..........             (no amulet)
HPRegen  0.33/turn              I - ring "Culun" {rElec rF+}
MPRegen  0.14/turn              J - ring of the Tortoise {AC+8}

@: lethally poisoned (-2 -> -3), studying Dodging
A: large, unfitting armour, reduced essence, blurry vision 1, clever 1, tough
skin 1
a: Renounce Religion, Recall Ancestor, Ancestor Identity, Transference, Idealise


You were on level 2 of the Snake Pit.
You worshipped Hepliaklqana.
Hepliaklqana was extremely pleased with you.
You visited 5 branches of the dungeon, and saw 21 of its levels.

You collected 3367 gold pieces.
You spent 1893 gold pieces at shops.

Inventory:

Hand Weapons
 q - a +1 great sword of electrocution
 B - a +1 vorpal executioner's axe (weapon)
 C - a +3 battleaxe of freezing
Missiles
 u - 4 silver javelins (quivered)
 z - 51 boomerangs
 E - 8 silver boomerangs
Armour
 w - +1 ice dragon scales (worn)
 x - a +0 troll leather armour
 y - a +1 robe of willpower
 W - a +2 cloak of poison resistance (worn)
Jewellery
 i - an uncursed ring of flight
 l - the ring of Nihilism {AC+4 Int+4}
   (You acquired it on level 1 of the Snake Pit)

   [ring of protection]

   It affects your AC (+4).
   It affects your intelligence (+4).
 F - an uncursed ring of willpower
 I - the ring "Culun" (left hand) {rElec rF+}
   (You bought it in a shop on level 8 of the Dungeon)

   [ring of protection from fire]

   It protects you from fire.
   It insulates you from electricity.
 J - the ring of the Tortoise (right hand) {AC+8}
   (You found it on level 1 of the Lair of Beasts)

   [ring of protection]

   It affects your AC (+8).
 U - an uncursed ring of magical power
 V - a +4 ring of slaying
Wands
 d - a wand of enslavement (14)
 e - a wand of random effects (7)
 v - a wand of mindburst (3)
 A - a wand of polymorph (6)
 D - a wand of acid (11)
 M - a wand of digging (3)
 N - a wand of iceblast (10)
Scrolls
 h - 11 scrolls of identify
 j - 11 scrolls of teleportation
 k - 4 scrolls of immolation
 m - 9 scrolls of remove curse
 o - 8 scrolls of amnesia
 p - 4 scrolls of enchant armour
 r - 2 scrolls of fear
 G - a scroll of enchant weapon
 K - a scroll of blinking
 O - 3 scrolls of fog
 P - a scroll of vulnerability
 Q - a scroll of magic mapping
Potions
 b - 4 potions of brilliance
 c - a potion of cancellation
 f - 2 potions of curing
 g - a potion of lignification
 s - 4 potions of resistance
 t - 6 potions of attraction
 H - 4 potions of might
 L - 2 potions of flight
 S - 2 potions of ambrosia
 Y - a potion of magic
Books
 R - a manual of Dodging
Miscellaneous
 a - a tin of tremorstones (2/2)
 X - a box of beasts


   Skills:
 - Level 12.4 Fighting
 + Level 16.5 Axes
 - Level 8.0 Armour
 + Level 13.5 Dodging
 - Level 0.6 Stealth
 + Level 7.7 Evocations


You had 14 spell levels left.
You didn't know any spells.
Your spell library contained the following spells:

 Spells                   Type           Power        Failure   Level
 Animate Skeleton         Necr           0%           54%         1
 Apportation              Tloc           0%           54%         1
 Corona                   Hex            0%           54%         1
 Pain                     Necr           0%           54%         1
 Sandblast                Erth           0%           54%         1
 Sting                    Tmut/Pois      0%           54%         1
 Summon Small Mammal      Summ           0%           54%         1
 Corpse Rot               Necr/Air       N/A          67%         2
 Passwall                 Tmut/Erth      0%           67%         2
 Poisonous Vapours        Pois/Air       0%           67%         2
 Sublimation of Blood     Necr           0%           67%         2
 Ignite Poison            Fire/Tmut/Pois 0%           88%         3
 Mephitic Cloud           Conj/Pois/Air  0%           88%         3
 Stone Arrow              Conj/Erth      0%           88%         3
 Animate Dead             Necr           0%           99%         4
 Dispel Undead            Necr           0%           99%         4
 Leda's Liquefaction      Hex/Erth       0%           99%         4
 Olgreb's Toxic Radiance  Pois           0%           99%         4
 Petrify                  Tmut/Erth      0%           99%         4
 Bolt of Magma            Conj/Fire/Erth 0%           100%        5
 Irradiate                Conj/Tmut      0%           100%        5
 Lee's Rapid Deconstruct  Erth           0%           100%        5
 Hydra Form               Tmut           0%           100%        6
 Iron Shot                Conj/Erth      0%           100%        6
 Simulacrum               Ice/Necr       0%           100%        6
 Statue Form              Tmut/Erth      0%           100%        6
 Dragon Form              Tmut           0%           100%        7
 Shatter                  Erth           0%           100%        9


Dungeon Overview and Level Annotations

Branches:
Dungeon (11/15)            Temple (1/1) D:6            Lair (5/6) D:9
 Shoals (0/4) Lair:4        Snake (2/4) Lair:3        Slime (0/5) Lair:5
    Orc (2/2) D:11            Elf (0/3) Orc:2

Altars:
Ashenzari
Cheibriados
Dithmenos
Elyvilon
Fedhas
Gozag
Hepliaklqana
Kikubaaqudgha
Makhleb
Nemelex Xobeh
Okawaru
Qazlal
Ru
Sif Muna
Trog
Uskayaw
Vehumet
Wu Jian
Xom
Yredelemnul
Zin
The Shining One
Jiyva

Shops:
D:8 [!=*   D:10 (   D:11 [   Orc:1 }[*   Orc:2 ((?

Annotations:
D:4 1 runed translucent door, anet's ghost, amateur GnMo
Lair:1 exclusions: orange crystal statue and 1 more exclusion
Lair:3 1 runed translucent door, chispire's ghost, journeyman GrFi
Snake:2 Vashnia


Innate Abilities, Weirdness & Mutations

You are too large for most types of armour.
You have tough skin. (AC +1)
Your life essence is reduced to manifest your ancestor. (-10% HP)
Scrolls take you a little longer to read.
Your mind is acute. (Int +2)


Message History

You begin reading the scroll.
You continue reading the scroll.
The naga sharpshooter mumbles some strange words.
The naga sharpshooter magically shoots an arrow.
The arrow hits you but does no damage.
The naga sharpshooter shoots a bolt.
The bolt hits you.
* * * LOW HITPOINT WARNING * * *
Eanasir hits the naga sharpshooter with a +0 dagger of draining.
Eanasir drains the naga sharpshooter.
As you read the scroll of fog, it crumbles to dust.
The scroll dissolves into smoke.
Really read with blurry vision while enemies are nearby? [Y]es or [N]o only, please.
Really read with blurry vision while enemies are nearby?
You feel sick.
The naga sharpshooter mumbles some strange words.
The naga sharpshooter magically shoots a bolt.
The bolt hits you!
* * * LOW HITPOINT WARNING * * *
The naga sharpshooter shoots an arrow.
The arrow hits you.
You die...

..# ##..## .# ...# #..##
.# #...####..# .#
....#....## .## .
#..........## .$###..
#...........### ##.......
<.............###.§N.....
..............§#§§.#
...............§@§##
...............§§## .#
..............§§## #...
...........N..R.# .... .
#####.....N.### #..# .
##........#####..# ..##
##..............# ...##
##)..###......## .....
##..# ###....##


You could see 2 naga sharpshooters.

Vanquished Creatures
  Kirke (Lair:5)
  An ettin (Orc:2)
  A naga warrior (Snake:1)
  4 hydras
  A boulder beetle (Lair:4)
  A catoblepas (Lair:2)
  5 anacondas
  An orc high priest (Orc:1)
  3 death yaks
  A naga sharpshooter (Snake:1)
  Nergalle (Lair:4)
  A naga ritualist (Snake:1)
  4 mana vipers (Snake:1)
  3 orc knights (Orc:2)
  2 manticores
  An ugly thing (D:10)
  2 oklob plants (Lair:3)
  A salamander (Snake:1)
  A cyclops (D:11)
  13 black mambas
  5 naga magi
  A centaur zombie (D:11)
  12 elephants
  3 cane toads
  9 komodo dragons
  5 rime drakes
  A troll (Orc:2)
  A hornet (D:10)
  3 polar bears
  A wind drake (Lair:4)
  6 blink frogs
  12 dream sheep (Lair:5)
  Sigmund (D:5)
  28 yaks
  A basilisk (Lair:5)
  2 hogs (Lair:5)
  7 nagas
  6 water moccasins
  3 sky beasts
  2 black bears
  7 ice beasts
  A necrophage (D:7)
  34 orc warriors
  5 phantoms
  7 ogres
  15 wolves
  10 centaurs
  A big kobold (D:8)
  17 bullfrogs
  10 worker ants
  8 scorpions
  13 wights
  11 killer bees
  2 howler monkeys
  An electric eel (Lair:5)
  3 quasits
  3 hounds
  3 jellies
  14 adders
  11 orc priests
  A gnoll shaman (D:7)
  15 orc wizards
  3 bullfrog skeletons
  A centaur skeleton (D:4)
  An iguana (D:9)
  2 hell rats (D:9)
  A worker ant zombie (D:7)
  A gnoll (D:5)
  3 shadow imps
  2 white imps
  An ufetubus (D:7)
  An ooze (D:5)
  An adder zombie (D:6)
  5 worms
  A dart slug (D:1)
  4 leopard geckos
  59 orcs
  8 giant cockroaches
  9 goblins
  6 hobgoblins
  6 jackals
  6 quokkas
  A ball python (D:6)
  2 bats
  6 frilled lizards
  9 kobolds
  A quokka skeleton (D:5)
  11 rats
  3 bushes (Lair:1)
503 creatures vanquished.

Vanquished Creatures (collateral kills)
  A hydra (Lair:5)
  An anaconda (Snake:1)
  A shock serpent (Snake:1)
  2 naga sharpshooters (Snake:1)
  A sea snake (Lair:2)
  A naga ritualist (Snake:1)
  An orc knight (Orc:2)
  3 elephants
  A centaur zombie (D:11)
  A naga mage (Snake:1)
  2 black mambas (Snake:1)
  A cane toad (Lair:1)
  A rime drake (Lair:5)
  A polar bear (Lair:1)
  2 trolls
  A slime creature (Lair:2)
  4 blink frogs
  3 dream sheep (Lair:5)
  A wyvern (D:10)
  A steam dragon (D:8)
  2 nagas
  2 water moccasins
  3 sky beasts
  7 orc warriors
  An ice beast (D:10)
  An ogre (Orc:1)
  2 wolves (Lair:1)
  3 bullfrogs
  2 killer bees (D:8)
  An orc priest (D:3)
  A hound (D:7)
  An orc wizard (D:8)
  An iguana (D:4)
  3 worker ants (D:7)
  A hound zombie (D:7)
  4 adders
  2 gnolls (D:5)
  2 shadow imps (D:9)
  2 white imps
  2 ufetubi
  6 orcs
  2 quokkas
  A kobold (D:8)
82 creatures vanquished.

Vanquished Creatures (others)
  A human (Lair:5)
  An orc warrior (D:7)
  2 ancestors (D:8)
  15 hexers
  A gnoll (D:5)
  A bush (Lair:5)
  39 fungi
  59 plants
119 creatures vanquished.

Grand Total: 704 creatures vanquished

Notes
Turn   | Place    | Note
-------+----------+-------------------------------------------
     0 | D:1      | ReteAZ the Ogre Artificer began the quest for the Orb.
     0 | D:1      | Reached XP level 1. HP: 19/19 MP: 1/1
   338 | D:1      | Reached XP level 2. HP: 13/28 MP: 2/2
  1570 | D:1      | Reached XP level 3. HP: 36/36 MP: 3/3
  2754 | D:3      | Reached XP level 4. HP: 21/44 MP: 4/4
  2817 | D:3      | HP: 2/45 [poisoned by an adder]
  3474 | D:3      | Reached XP level 5. HP: 39/54 MP: 5/5
  3560 | D:3      | Found a faded altar of an unknown god.
  3921 | D:4      | Found a runed translucent door.
  3923 | D:4      | Noticed anet's ghost (amateur GnMo)
  4263 | D:4      | Reached XP level 6. HP: 30/63 MP: 6/6
  4754 | D:3      | Reached skill level 5 in Fighting
  4926 | D:4      | Reached skill level 1 in Axes
  5412 | D:4      | Reached skill level 2 in Axes
  5412 | D:4      | Reached XP level 7. HP: 40/72 MP: 7/7
  5684 | D:4      | Reached skill level 3 in Axes
  6165 | D:4      | Reached skill level 4 in Axes
  6184 | D:4      | Gained mutation: Scrolls take you a little longer to read.
                  | [potion of mutation]
  6184 | D:4      | Gained mutation: Your mind is acute. (Int +2) [potion of
                  | mutation]
  6219 | D:4      | HP: 1/72 [phantom (6)]
  7080 | D:4      | Reached skill level 5 in Axes
  7342 | D:5      | Entered Level 5 of the Dungeon
  7499 | D:5      | Reached XP level 8. HP: 66/80 MP: 8/8
  7500 | D:5      | Reached skill level 6 in Axes
  8180 | D:5      | Noticed Sigmund
  8191 | D:5      | Killed Sigmund
  8192 | D:5      | Reached skill level 7 in Axes
  8496 | D:5      | Reached skill level 8 in Axes
  8890 | D:6      | Found a staircase to the Ecumenical Temple.
  8899 | Temple   | Entered the Ecumenical Temple
  9087 | Temple   | Became a worshipper of Hepliaklqana the Forgotten
  9259 | D:6      | Reached XP level 9. HP: 68/78 MP: 9/9
  9264 | D:6      | Reached skill level 9 in Axes
  9935 | D:6      | Found a sparkling altar of Nemelex Xobeh.
  9957 | D:6      | Reached skill level 10 in Axes
 10315 | D:7      | Reached * piety under Hepliaklqana
 10805 | D:7      | Reached skill level 11 in Axes
 11718 | D:7      | Reached XP level 10. HP: 65/86 MP: 10/10
 11942 | D:8      | Found Diuveq's Distillery.
 11977 | D:8      | Reached skill level 12 in Axes
 12815 | D:8      | Found Iban's Antique Armour Shop.
 12913 | D:8      | Found a stormy altar of Qazlal.
 12951 | D:8      | Found Oklirch's Jewellery Emporium.
 13253 | D:8      | Found Axakil's Assorted Antiques.
 13259 | D:8      | Bought a puce potion for 22 gold pieces
 13835 | D:9      | Reached ** piety under Hepliaklqana
 13835 | D:9      | Found a staircase to the Lair.
 13835 | D:9      | Noticed a death yak
 13836 | D:9      | Remembered your ancestor Eanasir as a hexer
 13836 | D:9      | Noticed a death yak
 14081 | D:9      | Noticed a death yak
 14118 | D:8      | Killed a death yak
 14119 | D:8      | Reached skill level 1 in Armour
 14762 | D:9      | Killed a death yak
 14763 | D:9      | Reached skill level 13 in Axes
 14765 | D:9      | Killed a death yak
 14766 | D:9      | Reached skill level 5 in Dodging
 14766 | D:9      | Reached XP level 11. HP: 34/96 MP: 11/11
 15428 | D:9      | Found an iron altar of Okawaru.
 15435 | D:9      | Found a broken altar of Ashenzari.
 15436 | D:9      | Found a basalt altar of Yredelemnul.
 15437 | D:9      | Found a glowing silver altar of Zin.
 15440 | D:9      | Found a burning altar of Makhleb.
 15577 | D:10     | Entered Level 10 of the Dungeon
 15695 | D:10     | Found a blossoming altar of Fedhas.
 15826 | D:10     | Found Tebrugat's Weapon Emporium.
 15886 | D:10     | Reached *** piety under Hepliaklqana
 16602 | D:11     | Noticed a brown ugly thing
 16603 | D:11     | Noticed a manticore
 16621 | D:10     | Killed a brown ugly thing
 17373 | D:7      | Identified a scroll of acquirement
 17377 | D:7      | Acquired 878 gold pieces
 17436 | D:8      | Bought an uncursed ring of willpower for 275 gold pieces
 17436 | D:8      | Bought the ring "Culun" {rElec rF+} for 429 gold pieces
 17820 | Lair:1   | Entered Level 1 of the Lair of Beasts
 18606 | Lair:1   | Found the ring of the Tortoise {AC+8}
 18665 | Lair:1   | Reached XP level 12. HP: 47/110 MP: 12/12
 18929 | Lair:1   | Reached skill level 5 in Armour
 19030 | Lair:1   | Reached skill level 14 in Axes
 19576 | Lair:2   | Reached skill level 10 in Fighting
 19617 | Lair:2   | Noticed a catoblepas
 19630 | Lair:2   | Killed a catoblepas
 19881 | Lair:2   | Noticed a six-headed hydra
 19885 | Lair:2   | a six-headed hydra changed into a sea snake
 19945 | Lair:2   | Reached **** piety under Hepliaklqana
 20065 | Lair:2   | Noticed a five-headed hydra
 20071 | Lair:2   | a five-headed hydra changed into a slime creature
 21327 | Lair:3   | Found a runed translucent door.
 21328 | Lair:3   | Noticed chispire's ghost (journeyman GrFi)
 21453 | Lair:3   | Noticed a four-headed hydra
 21462 | Lair:3   | Killed an eight-headed hydra
 21806 | Lair:3   | Found a staircase to the Snake Pit.
 21837 | Lair:3   | Reached XP level 13. HP: 123/123 MP: 13/13
 21968 | Lair:3   | Identified Kikubaaqudgha's Volume of Unholy Rituals
 22170 | Lair:4   | Found a staircase to the Shoals.
 22621 | Lair:4   | Noticed Nergalle
 22638 | Lair:4   | Killed Nergalle
 23039 | Lair:4   | You fall into a shaft and drop 1 floor!
 23084 | Lair:5   | Found a viscous altar of Jiyva.
 23085 | Lair:5   | Found a staircase to the Slime Pits.
 23131 | Lair:4   | Reached ***** piety under Hepliaklqana
 23325 | Lair:4   | Reached skill level 15 in Axes
 23705 | Lair:5   | Found a hide-covered altar of Uskayaw.
 24678 | Lair:5   | Acquired a manual of Dodging
 24806 | Lair:5   | Noticed Kirke
 24834 | Lair:5   | Killed Kirke
 24835 | Lair:5   | Reached skill level 10 in Dodging
 24835 | Lair:5   | Reached XP level 14. HP: 97/135 MP: 14/14
 24944 | Lair:5   | Reached skill level 5 in Evocations
 26028 | D:11     | Found a staircase to the Orcish Mines.
 26028 | D:11     | Found Elyhy's Armour Shoppe.
 26696 | D:8      | Bought a glowing cloak for 187 gold pieces
 26807 | Orc:1    | Entered Level 1 of the Orcish Mines
 26807 | Orc:1    | Found Uhif's Gadget Boutique.
 26817 | Orc:1    | You fall into a shaft and drop 1 floor!
 26817 | Orc:2    | Entered Level 2 of the Orcish Mines
 26817 | Orc:2    | Found a staircase to the Elven Halls.
 27404 | Orc:1    | Bought a tin of tremorstones (2/2) for 480 gold pieces
 27404 | Orc:1    | Bought a box of beasts for 480 gold pieces
 27469 | Orc:1    | Found Rankoari's Assorted Antiques.
 27587 | Orc:1    | Found Wuuwuj's Armour Emporium.
 27633 | Orc:1    | Bought a fuming yellow potion for 20 gold pieces
 29720 | Orc:2    | Found Lopipt's Antique Weapon Boutique.
 29720 | Orc:2    | Found Keti's Antique Weapon Emporium.
 29722 | Orc:2    | Found Huff's Magic Scroll Shoppe.
 29724 | Orc:2    | Found Anay's Antique Weapon Shop.
 29999 | Snake:1  | Entered Level 1 of the Snake Pit
 30160 | Snake:1  | Reached skill level 16 in Axes
 30549 | Snake:1  | HP: 6/202 [black mamba (10)]
 30743 | Snake:1  | Reached XP level 15. HP: 63/142 MP: 15/15
 31750 | Snake:1  | HP: 2/142 [naga sharpshooter/bolt (9)]
 32183 | Snake:1  | Acquired the ring of Nihilism {AC+4 Int+4}
 32587 | Snake:2  | Noticed Vashnia
 32609 | Snake:2  | HP: 4/142 [naga sharpshooter/bolt[Vashnia] (7)]
 32609 | Snake:2  | Shot with an arrow by a naga sharpshooter

Illustrated notes

Levels and vault maps discovered:
D:1:      minmay_arrival_solitary_statue, layout_basic
D:2:      layout_loops_ring
D:3:      kennysheep_big_flooded_room, layout_basic,
          chequers_ecumenical_altar_simple
D:4:      old_forge, layout_cave_pools, portal_sewer_entry_d,
          ebering_ghost_reflecting_pool, st_stairs_11
D:5:      layout_basic, uniq_sigmund
D:6:      layout_loops_ring, minmay_temple_entry_butterflies, chequers_jeans,
          nemelex_spade_bored_becter
D:7:      minmay_clustersquares, layout_basic, minmay_joined_circles
D:8:      layout_basic, overflow_temple_1_default, serial_shops, shop,
          nicolae_shop_overgrown_old_shop, shop, shop_statue, serial_park_tiny_1
D:9:      layout_loops_corners, minitemple, dpeg_lair_monsters
D:10:     layout_roguey, serial_shops, shop, basic_altar
D:11:     layout_rooms, orc_david_3, minmay_fractal_squares_diagonal_5
Temple:   eino_temple_scatter_basement
Lair:1:   layout_big_grid, minmay_hedge_maze, disabler_island
Lair:2:   layout_cellular_growth
Lair:3:   layout_chaotic_city, minmay_snake_entry_guardpost_small,
          ebering_ghost_reflecting_pool, minmay_lair_oklob_chamber
Lair:4:   layout_cave_shapes, minmay_shoals_entry_beasts,
          nicolae_quartered_pool_little, chequers_serial_rivers_micro_a,
          cheibrodos_lair_reptile_den, uniq_nergalle
Lair:5:   nzn_winding_woodlands_three_and_one
          [nzn_winding_woodlands_5x15_default,
          nzn_winding_woodlands_5x15_crooked, nzn_winding_woodlands_5x15_jagged,
          nzn_winding_woodlands_center_garden], layout_cave_pods, slime_altar_1,
          amcnicky_altar_gilded, infiniplex_staircase_pool, uniq_kirke
Snake:1:  layout_misc_corridors, serial_bayou_shore_b
Snake:2:  layout_layer_cave, nicolae_snake_squiggles, uniq_vashnia
Orc:1:    layout_caves, serial_shops, shop, shop_fountains, nicolae_shop_trees
Orc:2:    st_orc_rangers, layout_caves

Skill      XL: |  1  2  3  4  5  6  7  8  9 10 11 12 13 14 15 |
---------------+----------------------------------------------+-----
Fighting       | 2 3 4 5 6 9 11 12 | 12.4
Evocations     | 3 4 7 |  7.7
Dodging        | 3 4 5 6 8 10 12 13 | 13.5
Axes           | 2 5 8 11 13 14 15 16 | 16.5
Armour         | 2 4 6 8 |  8.0
Stealth        | |  0.6

Action                   |  1- 3 |  4- 6 |  7- 9 | 10-12 | 13-15 || total
-------------------------+-------+-------+-------+-------+-------++-------
Melee: Club              |   111 |       |       |       |       ||   111
       Mace              |    59 |    98 |       |       |       ||   157
       Hand axe          |       |   150 |    52 |       |       ||   202
       Executioner's axe |       |       |   398 |   230 |   298 ||   926
       Battleaxe         |       |       |       |   336 |   397 ||   733
Throw: Boomerang         |       |       |    14 |       |       ||    14
       Javelin           |       |       |    12 |     3 |     2 ||    17
Invok: Ancestor Identity |       |       |     1 |       |       ||     1
       Ancestor Life: He |       |       |       |     1 |       ||     1
       Recall Ancestor   |       |       |       |     1 |     3 ||     4
Evoke: Wand              |     3 |    22 |     8 |    21 |    17 ||    71
       Box of beasts     |       |       |       |       |     1 ||     1
  Use: Scroll            |       |     2 |    11 |    10 |    13 ||    36
       Potion            |       |       |     8 |     1 |     8 ||    17
 Stab: Sleeping          |     1 |       |       |       |       ||     1
       Distracted        |       |     1 |     2 |     5 |     6 ||    14
       Paralysed         |       |       |       |     8 |     2 ||    10
       Confused          |       |       |       |     3 |     6 ||     9
Armor: Robe              |    47 |       |       |       |       ||    47
       Ice dragon scales |    11 |   306 |   393 |   407 |   622 ||  1739
       Skin              |       |       |       |       |    12 ||    12
Dodge: Dodged            |    94 |   167 |   256 |   302 |   509 ||  1328

Table legend: (Time is in decaauts)
 A = Elapsed time spent in this place.
 B = Non-inter-level travel time spent in this place.
 C = Inter-level travel time spent in this place.
 D = Time resting spent in this place.
 E = Time spent auto-exploring this place.
 F = Levels seen in this place.
 G = Mean time per level.
                   A        B        C        D        E       F      G
               +--------+--------+--------+--------+--------+-----+--------+
         Total |  33189 |  31418 |   1771 |  10851 |  14811 |  21 | 1580.4 |
       Dungeon |  19051 |  17640 |   1411 |   5833 |   8226 |  11 | 1731.9 |
        Temple |    205 |    189 |     16 |      0 |    163 |   1 |  205.0 |
          Lair |   8188 |   7926 |    262 |   2723 |   4032 |   5 | 1637.6 |
     Snake Pit |   2639 |   2634 |      5 |   1104 |   1190 |   2 | 1319.5 |
  Orcish Mines |   3103 |   3027 |     76 |   1191 |   1198 |   2 | 1551.5 |
               +--------+--------+--------+--------+--------+-----+--------+

Top non-repeatable levels by time:
     D:3: 3309 daAuts
     D:8: 2545 daAuts
 Snake:1: 2279 daAuts
  Lair:5: 2251 daAuts
     D:7: 1928 daAuts
     D:4: 1816 daAuts
    D:10: 1735 daAuts
   Orc:2: 1690 daAuts
     D:1: 1683 daAuts
  Lair:1: 1652 daAuts
  Lair:3: 1592 daAuts
     D:5: 1587 daAuts
     D:9: 1475 daAuts
  Lair:4: 1455 daAuts
     D:6: 1418 daAuts
